 Dungeon Sprint DCSS version 0.27-a0-202-gdcb3803577 (webtiles) character file.

Game seed: 17195614634417112889

12805 MordorOrchid the Grappler (level 11, 0/105 HPs)
             Began as a Troll Venom Mage on Jan 30, 2021.
             Was a High Priest of Sif Muna.
             Shot with a bolt by a yaktaur (22 damage)
             ... in the Dungeon (Sprint IX: "|||||||||||||||||||||||||||||").
             The game lasted 00:30:05 (2188 turns).

MordorOrchid the Grappler (Troll Venom Mage)        Turns: 2188, Time: 00:30:07

Health: 0/105      AC: 10    Str: 21      XL:     11   Next: 67%
Magic:  15/24      EV: 14    Int: 13 (14) God:    Sif Muna [*****.]
Gold:   58         SH:  0    Dex: 10      Spells: 9/30 levels left

rFire    . . .     SeeInvis .     - Unarmed
rCold    . . .     Faith    .   (no shield)
rNeg     . . .     Spirit   .   v - +2 robe {Archmagi}
rPois    +         Reflect  .   (helmet restricted)
rElec    .         Harm     .   C - +1 cloak
rCorr    .         Rampage  .   (gloves unavailable)
Will     .....     NoTele   +   (boots unavailable)
Stlth    +.........             (no amulet)
HPRegen  0.67/turn              n - +3 ring of strength
MPRegen  0.19/turn              B - ring of poison resistance

@: very slightly contaminated
A: large, unfitting armour, claws 3, regeneration 1, shaggy fur 1, tough skin 3
a: Renounce Religion, Channel Magic, Forget Spell, Divine Exegesis


You were in the Dungeon.
You worshipped Sif Muna.
Sif Muna was extremely pleased with you.
You visited 1 branch You collected 1908 gold pieces.
You spent 1850 gold pieces at shops.

Inventory:

Hand Weapons
 b - a +0 dagger
 k - a +2 rapier of draining
Missiles
 e - 4 large rocks (quivered)
 j - 28 sling bullets
 p - 3 throwing nets
 q - 18 stones
Armour
 m - +0 acid dragon scales
 v - a +2 robe of the Archmagi (worn)
 C - a +1 cloak (worn)
Jewellery
 n - a +3 ring of strength (left claw)
 y - an uncursed ring of willpower
 z - an uncursed ring of protection from cold
 A - an uncursed ring of see invisible
 B - a ring of poison resistance (right claw)
Scrolls
 g - 6 scrolls of remove curse
 i - 2 scrolls of amnesia
 l - 2 scrolls of fear
 r - 3 scrolls of fog
 t - 2 scrolls of identify
 u - a scroll of blinking
Potions
 a - a potion of berserk rage
 c - 8 potions of curing
 d - 5 potions of heal wounds
 f - 4 potions of magic
 h - a potion of mutation
 o - 3 potions of brilliance
 s - 2 potions of lignification
 w - a potion of attraction
 x - 3 potions of haste


   Skills:
 * Level 6.2 Fighting
 - Level 3.0 Throwing
 * Level 1.8 Armour
 - Level 10.0 Dodging
 - Level 1.0 Stealth
 - Level 10.0 Unarmed Combat
 - Level 10.0 Spellcasting
 - Level 3.0 Conjurations
 * Level 5.2 Summonings
 * Level 6.2 Transmutations
 - Level 3.0 Fire Magic
 * Level 5.9 Air Magic
 - Level 7.0 Poison Magic
 * Level 5.3 Invocations
 - Level 5.0 Evocations


You had 9 spell levels left.
You knew the following spells:

 Your Spells              Type           Power        Failure   Level
a - Sting                 Tmut/Pois      100%         1%          1
b - Olgreb's Toxic Radia  Pois           37%          6%          4
d - Ignite Poison         Fire/Tmut/Pois 30%          3%          3
g - Mephitic Cloud        Conj/Pois/Air  30%          3%          3
j - Summon Lightning Spi  Summ/Air       31%          11%         4
p - Poisonous Vapours     Pois/Air       70%          1%          2
x - Blink                 Tloc           N/A          17%         2
B - Wereblood             Tmut           33%          1%          2

Your spell library contained the following spells:

 Spells                   Type           Power        Failure   Level
 Beastly Appendage        Tmut           66%          1%          1
 Call Imp                 Summ           30%          1%          2
 Spider Form              Tmut/Pois      17%          2%          3
 Magic Dart               Conj           84%          3%          1
 Conjure Flame            Conj/Fire      21%          10%         3
 Summon Guardian Golem    Hex/Summ       19%          12%         3
 Slow                     Hex            9%           17%         2
 Dazzling Flash           Conj/Hex       30%          19%         3
 Blade Hands              Tmut           16%          24%         5
 Ice Form                 Ice/Tmut       21%          30%         4
 Petrify                  Tmut/Erth      21%          30%         4
 Lesser Beckoning         Tloc           4%           32%         3
 Ozocubu's Armour         Ice            9%           32%         3
 Teleport Other           Tloc           9%           32%         3
 Summon Ice Beast         Ice/Summ       19%          36%         4
 Iskenderun's Battlesphe  Conj           21%          65%         5
 Summon Forest            Summ/Tloc      9%           71%         5
 Summon Mana Viper        Hex/Summ       19%          71%         5
 Leda's Liquefaction      Hex/Erth       4%           73%         4
 Hydra Form               Tmut           16%          80%         6
 Shadow Creatures         Summ           N/A          89%         6
 Freezing Cloud           Conj/Ice/Air   10%          99%         6
 Starburst                Conj/Fire      10%          99%         6
 Malign Gateway           Summ/Tloc      9%           100%        7
 Orb of Destruction       Conj           10%          100%        7
 Summon Hydra             Summ           15%          100%        7
 Borgnjor's Revivificati  Necr           4%           100%        8
 Chain Lightning          Conj/Air       13%          100%        8
 Infestation              Necr           4%           100%        8
 Necromutation            Tmut/Necr      10%          100%        8
 Summon Horrible Things   Summ           15%          100%        8
 Death's Door             Necr           4%           100%        9
 Dragon's Call            Summ           15%          100%        9


Dungeon Overview and Level Annotations

Branches:
Dungeon (1/1)

Altars:
Cheibriados
Dithmenos
Elyvilon
Fedhas
Gozag
Hepliaklqana
Kikubaaqudgha
Makhleb
Nemelex Xobeh
Okawaru
Qazlal
Ru
Sif Muna
Trog
Uskayaw
Vehumet
Wu Jian
Xom
Yredelemnul
Zin
The Shining One
Beogh
Jiyva
Lugonu

Shops:
D *:!(


Innate Abilities, Weirdness & Mutations

You are too large for most types of armour.
You have claws for hands.
Your natural rate of healing is unusually fast.
You are covered in fur. (AC +1)
You have extremely tough skin. (AC +3)


Message History

Unknown command.
The glowing orange brain looks even sicker.
Your toxic aura wanes.
The yaktaur is engulfed in noxious fumes.
The yaktaur shoots a bolt.
The bolt hits you!!
* * * LOW HITPOINT WARNING * * *
The white ugly thing is engulfed in noxious fumes.
The white ugly thing appears confused.
The glowing orange brain pulsates.
You feel dopey. Something feeds on your intellect!
Unknown command.
You feel better.
The stone giant is engulfed in noxious fumes.
The stone giant appears confused.
The white ugly thing is engulfed in noxious fumes.
The white ugly thing barely misses the yaktaur.
The yaktaur is engulfed in noxious fumes.
The yaktaur shoots a bolt.
The bolt hits you!!
You die...

,*,*,*,*,*,*,*,▓u▓.▓∩▓.▓.▓.▓[▓
,*,*,*,*,*,*,*,▓G▓.▓.▓.▓.▓.▓[▓
,*,*,*,*,*,*,*,▓.▓.▓∩▓.▓†▓.▓.▓
,*,*,*,*,*,*+*,▓C▓.▓.▓.▓.▓.▓.▓
,*,*,*,*,*,*,*,▓○▓.▓[▓.▓.▓.▓)▓
,*,*,*,*,*,*,*,▓u▓.▓[▓.▓†▓.▓.▓
,*,*,*,*,*,*,*,▓c▓.▓)▓.▓.▓.▓.▓
,*,*,*,*,*,*,*,▓:▓.▓)▓.▓†▓.▓'▓
,*,*,*,*,*,*,*,▓@▓.▓[▓.▓.▓.▓_▓
,*,*,*,*,*,*,*,▓.▓.▓)▓.▓.▓.▓_▓
,*,*,*,*,*,*,*,▓.▓.▓.▓.▓†▓.▓_▓
,*,*,*,*,*,*,*,▓.▓.▓[▓.▓.▓.▓_▓
,*,*,*,*+*,*,*,▓.▓.▓.▓.▓.▓.▓_▓
+*,*,*,*,*,*+*,▓.▓.▓.▓.▓†▓.▓_▓
,*,*,*,*,*,*,*,▓.▓.▓.▓.▓.▓.▓_▓
,*,*,*,*,*,*,*,▓.▓.▓.▓.▓.▓.▓_▓
,*,*,*,*,*,*,*,▓.▓.▓)▓.▓.▓.▓_▓


You could see a stone giant (confused, very poisoned), a white ugly thing
(confused, very poisoned), a glowing orange brain (very poisoned) and a yaktaur
(very poisoned).

Vanquished Creatures
  A hydra (D)
  Harold (D)
  A boulder beetle (D)
  2 two-headed ogres (D)
  An orc high priest (D)
  4 orc knights (D)
  2 orc sorcerers (D)
  A cyclops (D)
  An elephant (D)
  A black mamba (D)
  3 cane toads (D)
  A kobold demonologist (D)
  A komodo dragon (D)
  A slime creature (D)
  A blink frog (D)
  2 wyverns (D)
  A basilisk (D)
  3 yaks (D)
  2 wargs (D)
  3 water moccasins (D)
  3 hell hounds (D)
  11 orc warriors (D)
  An ice beast (D)
  3 wolves (D)
  A necrophage (D)
  A centaur (D)
  4 bullfrogs (D)
  A killer bee (D)
  A jelly (D)
  3 orc priests (D)
  2 hounds (D)
  An orc wizard (D)
  2 worker ants (D)
  An adder (D)
  18 orcs (D)
  A bat zombie (D)
  2 frilled lizards (D)
  2 kobolds (D)
  A rat (D)
92 creatures vanquished.

Vanquished Creatures (others)
  A shadow (D)
1 creature vanquished.

Grand Total: 93 creatures vanquished

Notes
Turn   | Place    | Note
-------+----------+-------------------------------------------
     0 | D        | MordorOrchid the Troll Venom Mage began the quest for the
                  | Orb.
     0 | D        | Reached XP level 1. HP: 16/16 MP: 1/1
    14 | D        | Reached skill level 1 in Transmutations
    32 | D        | Noticed a worker ant
    32 | D        | Noticed a centaur
    32 | D        | Noticed a hound
    42 | D        | Killed a hound
    43 | D        | Reached skill level 1 in Fighting
    43 | D        | Reached XP level 2. HP: 28/28 MP: 0/4
    43 | D        | Reached XP level 3. HP: 35/35 MP: 0/5
    46 | D        | Killed a centaur
    47 | D        | Reached XP level 4. HP: 42/42 MP: 0/7
    84 | D        | Found a roughly hewn altar of Beogh.
    84 | D        | Found a snail-covered altar of Cheibriados.
    84 | D        | Found a shadowy altar of Dithmenos.
    84 | D        | Found a white marble altar of Elyvilon.
    84 | D        | Found a blossoming altar of Fedhas.
    84 | D        | Found an opulent altar of Gozag.
    85 | D        | Found a hazy altar of Hepliaklqana.
    86 | D        | Found a viscous altar of Jiyva.
    87 | D        | Found an ancient bone altar of Kikubaaqudgha.
    88 | D        | Found a corrupted altar of Lugonu.
    89 | D        | Found a burning altar of Makhleb.
    90 | D        | Found a sparkling altar of Nemelex Xobeh.
    91 | D        | Found an iron altar of Okawaru.
    92 | D        | Found a stormy altar of Qazlal.
    93 | D        | Found a sacrificial altar of Ru.
    94 | D        | Found a shimmering blue altar of Sif Muna.
    95 | D        | Found a bloodstained altar of Trog.
    96 | D        | Found a hide-covered altar of Uskayaw.
    97 | D        | Found a radiant altar of Vehumet.
    98 | D        | Found an ornate altar of the Wu Jian Council.
    99 | D        | Found a shimmering altar of Xom.
   100 | D        | Found a basalt altar of Yredelemnul.
   101 | D        | Found a glowing silver altar of Zin.
   102 | D        | Became a worshipper of Sif Muna the Loreminder
   103 | D        | Found a glowing golden altar of the Shining One.
   140 | D        | Learned a level 2 spell: Poisonous Vapours
   144 | D        | Learned a level 3 spell: Mephitic Cloud
   148 | D        | Learned a level 3 spell: Ignite Poison
   149 | D        | Noticed a two-headed ogre
   149 | D        | Noticed a yak
   149 | D        | Noticed a necrophage
   159 | D        | Killed a necrophage
   160 | D        | Reached skill level 1 in Unarmed Combat
   160 | D        | Reached skill level 1 in Air Magic
   160 | D        | Reached skill level 5 in Poison Magic
   160 | D        | Reached skill level 1 in Evocations
   160 | D        | Reached XP level 5. HP: 41/49 MP: 7/9
   170 | D        | Reached * piety under Sif Muna
   171 | D        | Reached XP level 6. HP: 41/57 MP: 5/10
   177 | D        | Reached skill level 5 in Dodging
   208 | D        | Killed a yak
   335 | D        | Killed a two-headed ogre
   335 | D        | Reached ** piety under Sif Muna
   336 | D        | Reached skill level 5 in Unarmed Combat
   336 | D        | Reached XP level 7. HP: 67/67 MP: 1/12
   336 | D        | Reached XP level 8. HP: 76/76 MP: 1/13
   370 | D        | Learned a level 4 spell: Olgreb's Toxic Radiance
   429 | D        | Noticed a two-headed ogre
   429 | D        | Noticed a cyclops
   429 | D        | Noticed an eight-headed hydra
   441 | D        | Killed an eight-headed hydra
   442 | D        | Reached skill level 5 in Spellcasting
   442 | D        | Reached skill level 5 in Transmutations
   571 | D        | Killed a cyclops
   572 | D        | Reached XP level 9. HP: 67/84 MP: 11/16
   587 | D        | Reached *** piety under Sif Muna
   588 | D        | Reached skill level 5 in Evocations
   674 | D        | Killed a two-headed ogre
   814 | D        | Noticed a cane toad
   814 | D        | Noticed a black mamba
   814 | D        | Noticed a komodo dragon
   815 | D        | Noticed a cane toad
   817 | D        | Killed a komodo dragon
   818 | D        | Reached skill level 5 in Fighting
   822 | D        | Killed a black mamba
   822 | D        | Reached **** piety under Sif Muna
   823 | D        | Reached skill level 5 in Invocations
   835 | D        | HP: 4/88 [poisoned by a black mamba]
   841 | D        | HP: 2/88 [poisoned by a black mamba]
   846 | D        | HP: 1/88 [poisoned by a black mamba]
   851 | D        | HP: 3/88 [poisoned by a black mamba]
  1006 | D        | Reached XP level 10. HP: 84/98 MP: 8/19
  1008 | D        | Killed a cane toad
  1008 | D        | Reached ***** piety under Sif Muna
  1008 | D        | Identified Sif Muna's Tome of the Entourage and the Voyage
                  | (Sif Muna gifted it to you in the Dungeon)
  1008 | D        | Received a gift from Sif Muna
  1011 | D        | Killed a cane toad
  1018 | D        | Learned a level 4 spell: Summon Lightning Spire
  1109 | D        | Noticed a cane toad
  1109 | D        | Noticed an elephant
  1131 | D        | Killed a cane toad
  1132 | D        | Reached skill level 1 in Summonings
  1138 | D        | Killed an elephant
  1303 | D        | Received a gift from Sif Muna
  1309 | D        | Learned a level 2 spell: Wereblood
  1412 | D        | HP: 4/98 [warg (14)]
  1472 | D        | Identified Sif Muna's Volume of the Destructive Glacier
                  | (Sif Muna gifted it to you in the Dungeon)
  1472 | D        | Received a gift from Sif Muna
  1623 | D        | Noticed Harold
  1631 | D        | Killed Harold
  1676 | D        | Received a gift from Sif Muna
  1714 | D        | Received a gift from Sif Muna
  1715 | D        | Reached XP level 11. HP: 103/105 MP: 19/22
  1718 | D        | Reached skill level 1 in Throwing
  1721 | D        | Reached skill level 10 in Unarmed Combat
  1818 | D        | Learned a level 2 spell: Blink
  1819 | D        | Found Puhuvuf's Weapon Boutique.
  1819 | D        | Noticed an orc knight
  1819 | D        | Noticed an orc high priest
  1822 | D        | Killed an orc high priest
  1822 | D        | Identified Sif Muna's Grimoire of Conjuration and
                  | Execration (Sif Muna gifted it to you in the Dungeon)
  1822 | D        | Received a gift from Sif Muna
  1822 | D        | Reached ****** piety under Sif Muna
  1828 | D        | Killed an orc knight
  1829 | D        | Reached skill level 10 in Dodging
  1829 | D        | Reached skill level 1 in Fire Magic
  1829 | D        | Noticed an orc knight
  1843 | D        | Killed an orc knight
  1851 | D        | Noticed an orc knight
  1876 | D        | Killed an orc knight
  1877 | D        | Reached skill level 5 in Air Magic
  1888 | D        | Found Kegax's Distillery.
  1891 | D        | Found Nuistr Gixu's Book Boutique.
  1894 | D        | Found Wirhoy's General Store.
  1895 | D        | Noticed an orc sorcerer
  1912 | D        | Killed an orc sorcerer
  1935 | D        | Noticed an orc knight
  1938 | D        | Noticed an orc sorcerer
  1940 | D        | Identified Lasiaraf's Grimoire of Dislocated Shape Shifting
                  | (Sif Muna gifted it to you in the Dungeon)
  1940 | D        | Received a gift from Sif Muna
  1940 | D        | Killed an orc knight
  1943 | D        | Paralysed by an orc sorcerer for 3 turns
  1946 | D        | Killed an orc sorcerer
  1971 | D        | Bought a scroll of blinking for 82 gold pieces
  1971 | D        | Bought a scroll of magic mapping for 38 gold pieces
  1992 | D        | Bought a potion of heal wounds for 55 gold pieces
  1996 | D        | Bought a potion of degeneration for 10 gold pieces
  1997 | D        | Bought a potion of attraction for 30 gold pieces
  1997 | D        | Bought a potion of haste for 100 gold pieces
  1997 | D        | Bought a potion of haste for 100 gold pieces
  2003 | D        | Bought a Necronomicon for 1435 gold pieces
  2161 | D        | Noticed a boulder beetle
  2168 | D        | Reached skill level 5 in Summonings
  2169 | D        | Killed a boulder beetle
  2170 | D        | Reached skill level 1 in Armour
  2170 | D        | Reached skill level 10 in Spellcasting
  2173 | D        | Identified Sif Muna's Collected Works on Shifting Fire (Sif
                  | Muna gifted it to you in the Dungeon)
  2173 | D        | Received a gift from Sif Muna
  2174 | D        | Noticed a white ugly thing
  2176 | D        | Noticed a glowing orange brain
  2184 | D        | Noticed a stone giant
  2186 | D        | Noticed a white ugly thing
  2188 | D        | Shot with a bolt by a yaktaur

Illustrated notes

Levels and vault maps discovered:
D:        linesprint [early_d, line_temple, items_1, d_10, items_2, lair_1,
          lair_end, items_3, orc_1, orc_end, items_4, d_15, swamp_1, shoals_1,
          snake_1, spider_1, d_20, vaults_1, items_5, swamp_end, shoals_end,
          snake_end, spider_end, vaults_end, d_27, items_6, zot_1, zot_end,
          crypt_end, forest_end, elf_end, slime_end, tomb_end, abyss_end,
          pan_hell_end]

Skill      XL: |  1  2  3  4  5  6  7  8  9 10 11 |
---------------+----------------------------------+-----
Transmutations | 1 2 3 4 5 6 |  6.2
Fighting       | 1 2 3 4 5 6 |  6.2
Dodging        | 2 3 4 6 7 8 9 10 | 10.0
Spellcasting   | 2 3 4 5 7 8 10 | 10.0
Poison Magic   | 3 4 5 6 7 |  7.0
Unarmed Combat | 1 2 5 6 8 9 10 | 10.0
Air Magic      | 1 3 4 5 |  5.9
Evocations     | 1 3 4 5 |  5.0
Conjurations   | 2 3 |  3.0
Invocations    | 3 5 |  5.3
Summonings     | 3 5 |  5.2
Throwing       | 3 |  3.0
Fire Magic     | 3 |  3.0
Armour         | 1 |  1.8
Stealth        | |  1.0

Action                   |  1- 3 |  4- 6 |  7- 9 | 10-12 || total
-------------------------+-------+-------+-------+-------++-------
Melee: Unarmed           |    12 |       |     6 |    62 ||    80
       Dagger            |    10 |    10 |       |       ||    20
       Rapier            |       |    20 |     2 |       ||    22
       Punch             |       |       |       |     3 ||     3
 Cast: Sting             |     3 |     8 |     5 |     2 ||    18
       Mephitic Cloud    |       |     3 |     7 |    28 ||    38
       Poisonous Vapours |       |     2 |     2 |    18 ||    22
       Ignite Poison     |       |       |     7 |    28 ||    35
       Olgreb's Toxic Ra |       |       |     5 |    17 ||    22
       Summon Lightning  |       |       |       |     1 ||     1
Invok: Channel Magic     |       |       |     3 |    11 ||    14
Evoke: Wand              |       |     3 |     5 |     2 ||    10
  Use: Potion            |     2 |     1 |       |     4 ||     7
       Scroll            |       |       |     2 |     2 ||     4
 Stab: Invisible         |       |     2 |       |       ||     2
       Sleeping          |       |     1 |       |       ||     1
       Confused          |       |       |     2 |     3 ||     5
Armor: Robe              |     6 |    12 |     3 |     7 ||    28
Dodge: Dodged            |     9 |    27 |    14 |    32 ||    82

Table legend: (Time is in decaauts)
 A = Elapsed time spent in this place.
 B = Non-inter-level travel time spent in this place.
 C = Inter-level travel time spent in this place.
 D = Time resting spent in this place.
 E = Time spent auto-exploring this place.
 F = Levels seen in this place.
 G = Mean time per level.
                   A        B        C        D        E       F      G
               +--------+--------+--------+--------+--------+-----+--------+
         Total |   2148 |   2148 |      0 |    808 |      0 |   1 | 2148.0 |
       Dungeon |   2148 |   2148 |      0 |    808 |      0 |   1 | 2148.0 |
               +--------+--------+--------+--------+--------+-----+--------+

Top non-repeatable levels by time:
       D: 2148 daAuts
